 Dungeon Crawl Stone Soup version 0.24.0-28-g17ded55e90 (webtiles) character file.

Game seed: 9877508063287786613, levelgen mode: deterministic

1050 lepoulpe303 the Chucker (level 8, -2/70 HPs)
             Began as a Troll Hunter on Nov 12, 2019.
             Was a Follower of Hepliaklqana.
             Slain by a killer bee (9 damage)
             ... on level 5 of the Dungeon.
             The game lasted 00:11:31 (3911 turns).

lepoulpe303 the Chucker (Troll Hunter)              Turns: 3911, Time: 00:11:31

Health: -2/70      AC:  7    Str: 23    XL:     8   Next: 5%
Magic:  9/9        EV: 10    Int:  7    God:    Hepliaklqana [*.....]
Gold:   321        SH:  0    Dex: 10    Spells: 7/7 levels left

rFire    . . .     SeeInvis .     - Unarmed
rCold    . . .     Gourm    +   (no shield)
rNeg     . . .     Faith    .   b - +0 robe
rPois    +         Spirit   .   (helmet restricted)
rElec    .         Reflect  .   G - +0 cloak
rCorr    .         Harm     .   (gloves unavailable)
MR       .....                  (boots unavailable)
Stlth    +++.......             (no amulet)
HPRegen  0.61/turn              P - ring of poison resistance
MPRegen  0.11/turn              p - ring of stealth {Stlth+}

@: lethally poisoned (-2 -> -3)
A: large, unfitting armour, reduced essence, claws 3, fast metabolism 3,
gourmand, regeneration 1, shaggy fur 1, tough skin 3
a: Recall Ancestor, Ancestor Identity, Renounce Religion


You were on level 5 of the Dungeon.
You worshipped Hepliaklqana.
Hepliaklqana was aware of your devotion.
You were completely stuffed.

You visited 1 branch of the dungeon, and saw 6 of its levels.

You collected 383 gold pieces.
You spent 62 gold pieces at shops.

Inventory:

Hand Weapons
 a - a +0 short sword
Missiles
 d - 4 throwing nets {=f}
 m - 2 large rocks (quivered) {!d}
 s - 8 curare-tipped darts
 v - 2 boomerangs
 Q - 126 stones
Armour
 b - a +0 robe (worn)
 G - a +0 cloak (worn)
Jewellery
 c - an uncursed ring of flight {unknown}
 p - a ring of stealth (right claw) {Stlth+}
 E - an uncursed ring of resist corrosion {unknown}
 P - a ring of poison resistance (left claw)
Wands
 k - a wand of polymorph (8)
 D - a wand of digging (5)
Scrolls
 f - 2 scrolls of fog
 i - 4 scrolls of identify
 o - 2 scrolls of teleportation {unknown}
 u - 2 scrolls of enchant weapon {unknown}
 w - 3 scrolls of remove curse
 x - a scroll of enchant armour {unknown}
 y - a scroll of fear {unknown}
 B - 2 scrolls of amnesia {unknown}
 C - a scroll of immolation {unknown}
Potions
 g - a potion of mutation {unknown}
 h - 2 potions of haste
 j - a potion of degeneration {unknown}
 l - 4 potions of heal wounds
 n - a potion of resistance {unknown}
 q - a potion of curing
 r - a potion of cancellation {unknown}
 t - a potion of magic {unknown}
 z - a potion of brilliance {unknown}
 A - a potion of ambrosia {unknown}
 F - a potion of berserk rage {unknown}
Comestibles
 e - 11 rations


   Skills:
 * Level 4.0 Fighting
 + Level 4.6 Throwing
 + Level 3.0 Dodging
 + Level 1.6 Stealth
 * Level 4.4 Unarmed Combat
 * Level 3.4 Invocations


You had 7 spell levels left.
You didn't know any spells.
Your spell library was empty.

Dungeon Overview and Level Annotations

Branches:
Dungeon (6/15)             Temple (0/1) D:4

Altars:
Hepliaklqana
Kikubaaqudgha
Okawaru
Sif Muna
Trog

Shops:
D:5 *

Annotations:
D:3 2 transporters, catramo's ghost, amateur DsSk


Innate Abilities, Weirdness & Mutations

You are too large for most types of armour.
You have claws for hands.
Your metabolism is lightning-fast.
You like to eat raw meat.
Your natural rate of healing is unusually fast.
You are covered in fur. (AC +1)
You have extremely tough skin. (AC +3)
Your life essence is reduced to manifest your ancestor. (-10% HP)


Message History

* * * LOW HITPOINT WARNING * * *
You take 5 damage, and have 15/70 hp.
You closely miss the killer bee.
You feel sick.
The killer bee stings you but does no damage.
The killer bee barely misses you. The killer bee closely misses you.
The killer bee stings you but does no damage.
You take 1 damage, and have 14/70 hp.
You barely miss the killer bee.
You feel sick.
The killer bee barely misses you. x2; The killer bee closely misses you.
The killer bee barely misses you.
You closely miss the killer bee.
You feel sick. The killer bee barely misses you. The killer bee stings you.
* * * LOW HITPOINT WARNING * * *
The killer bee stings you but does no damage.
You take 3 damage, and have 11/70 hp.
You scratch the killer bee.
You feel sick. The killer bee barely misses you. The killer bee misses you.
The killer bee stings you.
* * * LOW HITPOINT WARNING * * *
The killer bee stings you!
You die...

#..#.#.#.###.#.#####...#####
#..#.#.#......<.....###....#
#..#.#.#####...#####.#R###.#
###..#.#.#.......######.## #.#
.##..#.#.#.##.......# #.# #.#
.....#.#.#.##..#.##.# #.# #.# #
.###.#.#.#.##..#.##.###.# #.# #
..............)y........# #.# #
.##.##....#.#..#@##.##### #.# #
.##.##...###...#y##.# #.# #
.##.###.#.#.#...y...########.# #
.##.....##.####.###........#.# #
.....#####.# #.# #.######.#.# #
.###.# #.# #.# #.# #.#.# # .# #.#
#.# #.# #.# #.#.# # .# #.# #.#
#.###.######.#.####
.###.#####.####..................


You could see 3 killer bees.

Levels and vault maps discovered:
D:1:      dpeg_arrival_tiny_d, layout_basic
D:2:      layout_basic, lemuel_doored_altar, okawaru_trees_2
D:3:      layout_loops_ring, gammafunk_ghost_mausoleum, first_ration,
          chequers_arboretum
D:4:      layout_rooms, gammafunk_temple_overflow_wave,
          kiku_gazebo_garden_becter, minmay_temple_entry_waves
D:5:      layout_loops_ring, guppyfry_shop_venom, uniq_crazy_yiuf_cottage
D:6:      layout_gridville, kennysheep_mini, elyvilon_altar_1,
          lemuel_round_altar, serial_undead, serial_undead_f, serial_undead_d,
          serial_undead_d, serial_undead_c

Notes
Turn   | Place    | Note
-------+----------+-------------------------------------------
     0 | D:1      | lepoulpe303 the Troll Hunter began the quest for the Orb.
     0 | D:1      | Reached XP level 1. HP: 19/19 MP: 0/0
   133 | D:1      | Identified a cursed -2 dagger
   134 | D:1      | Reached XP level 2. HP: 28/28 MP: 1/1
   134 | D:1      | Identified a +0 club
   139 | D:1      | Reached skill level 2 in Fighting
   139 | D:1      | Reached skill level 1 in Unarmed Combat
   150 | D:1      | Identified a +0 club
   229 | D:1      | Identified a +0 club
   424 | D:1      | Identified a +0 club
   426 | D:1      | Reached XP level 3. HP: 35/35 MP: 2/2
   494 | D:1      | Identified a +0 club
   567 | D:1      | Identified a +0 dagger
   683 | D:2      | Identified a +0 club
   713 | D:2      | Found a hazy altar of Hepliaklqana.
   727 | D:2      | Became a worshipper of Hepliaklqana the Forgotten
   754 | D:2      | Identified a +0 club
   860 | D:2      | Identified a +0 club
   860 | D:2      | Identified a +0 club
   978 | D:2      | Reached skill level 2 in Unarmed Combat
  1084 | D:2      | Reached skill level 2 in Dodging
  1084 | D:2      | Reached XP level 4. HP: 39/39 MP: 3/3
  1134 | D:2      | Identified a +0 club
  1136 | D:2      | Identified 3 scrolls of identify
  1136 | D:2      | Identified a ring of poison resistance (You found it on
                  | level 1 of the Dungeon)
  1138 | D:2      | Identified a ring of stealth (You found it on level 1 of
                  | the Dungeon)
  1154 | D:2      | Found an iron altar of Okawaru.
  1425 | D:2      | Identified 2 potions of haste
  1426 | D:2      | Identified 2 potions of heal wounds
  1609 | D:3      | Identified a +0 dagger
  1609 | D:3      | Identified a +0 robe
  1609 | D:3      | Identified a +0 mace
  1609 | D:3      | Identified a +0 leather armour
  1612 | D:3      | Identified a +0 flail
  1613 | D:3      | Identified a +0 scale mail
  1616 | D:3      | Identified a +0 whip
  1701 | D:3      | Identified a +0 short sword
  1701 | D:3      | Identified a +0 leather armour
  1713 | D:3      | Reached skill level 4 in Throwing
  1754 | D:3      | Found a transporter.
  1756 | D:3      | Found a transporter.
  1757 | D:3      | Noticed catramo's ghost (amateur DsSk)
  1770 | D:3      | Identified a +0 dagger
  1790 | D:3      | Identified a +0 dagger
  1790 | D:3      | Identified a +0 hunting sling
  1791 | D:3      | Identified a +0 club
  1795 | D:3      | Identified a +0 hunting sling
  1987 | D:3      | Identified a +0 club
  2004 | D:3      | Reached XP level 5. HP: 40/45 MP: 4/4
  2010 | D:3      | Identified a +0 club
  2010 | D:3      | Identified a +0 scale mail
  2012 | D:3      | Identified a +0 war axe
  2013 | D:3      | Reached skill level 1 in Invocations
  2013 | D:3      | Identified a +0 trident
  2013 | D:3      | Identified a +0 leather armour
  2029 | D:3      | Identified a +0 club
  2053 | D:3      | Identified a +0 club
  2065 | D:3      | Reached * piety under Hepliaklqana
  2110 | D:3      | Identified a +0 club
  2110 | D:3      | Identified a cursed +0 leather armour
  2110 | D:3      | Identified a cursed -2 short sword
  2110 | D:3      | Identified a +0 scale mail
  2110 | D:3      | Identified a +0 flail
  2111 | D:3      | Identified a +0 club
  2356 | D:4      | Found an ancient bone altar of Kikubaaqudgha.
  2368 | D:4      | Identified a +0 falchion
  2394 | D:4      | Found a staircase to the Ecumenical Temple.
  2430 | D:4      | Identified a +0 morningstar
  2447 | D:4      | Identified a +0 giant spiked club
  2447 | D:4      | Noticed an ogre
  2450 | D:4      | Identified a +0 giant club
  2450 | D:4      | Noticed an ogre
  2453 | D:4      | Killed an ogre
  2453 | D:4      | Reached skill level 3 in Fighting
  2453 | D:4      | Reached skill level 1 in Stealth
  2453 | D:4      | Reached XP level 6. HP: 54/54 MP: 6/6
  2457 | D:4      | Reached skill level 3 in Unarmed Combat
  2457 | D:4      | Reached skill level 2 in Invocations
  2674 | D:4      | Found a shimmering blue altar of Sif Muna.
  2674 | D:4      | Found a bloodstained altar of Trog.
  2832 | D:5      | Entered Level 5 of the Dungeon
  2853 | D:5      | Found a runed translucent door.
  2854 | D:5      | Identified a +4 quarterstaff of chaos
  2854 | D:5      | Identified a cursed +0 cloak
  2854 | D:5      | Noticed Crazy Yiuf
  2907 | D:5      | Identified a +0 giant club
  2988 | D:5      | Reached XP level 7. HP: 53/60 MP: 7/7
  3240 | D:5      | Found Ylururch's Serpentskin Sales.
  3247 | D:5      | Reached skill level 4 in Unarmed Combat
  3247 | D:5      | Reached skill level 3 in Invocations
  3279 | D:5      | Bought 8 curare-tipped darts for 62 gold pieces
  3680 | D:5      | Killed Crazy Yiuf
  3761 | D:6      | Identified a +0 shortbow
  3773 | D:6      | Reached skill level 3 in Dodging
  3869 | D:6      | Identified a +0 broad axe
  3869 | D:6      | Identified a +0 chain mail
  3869 | D:6      | Identified a +0 dagger
  3869 | D:6      | Identified a +0 robe
  3869 | D:6      | Identified a +0 club
  3872 | D:6      | Reached skill level 4 in Fighting
  3872 | D:6      | Reached XP level 8. HP: 64/70 MP: 9/9
  3876 | D:6      | Identified a +0 short sword
  3883 | D:6      | Identified 4 scrolls of remove curse
  3884 | D:6      | Identified 3 scrolls of fog
  3888 | D:6      | Identified 3 potions of curing
  3897 | D:6      | HP: 17/70 [poisoned by a killer bee]
  3899 | D:6      | HP: 8/70 [killer bee (6)]
  3907 | D:5      | HP: 15/70 [killer bee (3)]
  3911 | D:5      | HP: 7/70 [killer bee (4)]
  3911 | D:5      | Slain by a killer bee

Table legend:
 A = Turns spent in this place as a percentage of turns spent in the entire game.
 B = Non-inter-level travel turns spent in this place as a percentage of non-inter-level travel turns spent in the entire game.
 C = Inter-level travel turns spent in this place as a percentage of turns spent in this place.
 D = Turns resting spent in this place as a percentage of non-inter-level travel turns spent in this place.
 E = Turns spent auto-exploring this place as a percentage of non-inter-level travel turns spent in this place.
 F = Non-inter-level travel turns spent in this place divided by the number of levels of this place that you've seen.
                   A       B       C       D       E      F
               +-------+-------+-------+-------+-------+----------------------
         Total | 100.0 | 100.0 |   5.0 |   3.3 |  76.0 | 619.3
       Dungeon | 100.0 | 100.0 |   5.0 |   3.3 |  76.0 | 619.3
               +-------+-------+-------+-------+-------+----------------------

Table legend:
 A = Kills in this place as a percentage of kills in entire the game.
 B = Kills by you in this place as a percentage of kills by you in the entire game.
 C = Kills by friends in this place as a percentage of kills by friends in the entire game.
 D = Other kills in this place as a percentage of other kills in the entire game.
 E = Experience gained in this place as a percentage of experience gained in the entire game.
 F = Experience gained in this place divided by the number of levels of this place that you have seen.
                   A       B       C       D       E      F
               +-------+-------+-------+-------+-------+----------------------
         Total | 100.0 | 100.0 | 100.0 |   N/A | 100.0 | 250.0
       Dungeon | 100.0 | 100.0 | 100.0 |   N/A | 100.0 | 250.0
               +-------+-------+-------+-------+-------+----------------------

Skill      XL: |  1  2  3  4  5  6  7 |
---------------+----------------------+-----
Fighting       | 2 3 4 |  4.0
Unarmed Combat | 1 2 3 4 |  4.4
Dodging        | 2 3 |  3.0
Throwing       | 4 |  4.6
Invocations    | 1 2 3 |  3.4
Stealth        | 1 |  1.6

Action                   |  1- 3 |  4- 6 |  7- 9 || total
-------------------------+-------+-------+-------++-------
Melee: Unarmed           |    49 |   116 |    73 ||   238
       Punch             |       |     1 |       ||     1
Throw: Large rock        |    19 |       |     2 ||    21
       Stone             |    50 |    49 |       ||    99
       Boomerang         |       |    37 |     5 ||    42
       Dart              |       |       |     1 ||     1
Invok: Ancestor Identity |       |     1 |       ||     1
       Recall Ancestor   |       |     1 |       ||     1
  Use: Scroll            |       |     3 |     2 ||     5
       Potion            |       |       |     3 ||     3
 Stab: Sleeping          |       |     2 |     5 ||     7
  Eat: Chunk             |    15 |    18 |     8 ||    41
Armor: Robe              |    28 |    59 |    30 ||   117
Dodge: Dodged            |    33 |    74 |    65 ||   172

Vanquished Creatures
  A water moccasin (D:5)
  3 ogres
  A centaur (D:6)
  A scorpion (D:5)
  2 killer bees (D:6)
  A hound (D:5)
  Crazy Yiuf (D:5)
  A worker ant (D:3)
  A worker ant zombie (D:5)
  6 adders
  A gnoll (D:1)
  2 shadow imps (D:5)
  An adder skeleton (D:5)
  2 dart slugs
  5 worms
  A leopard gecko (D:2)
  14 orcs
  6 giant cockroaches
  5 goblins
  12 hobgoblins
  6 jackals
  4 kobolds
  3 quokkas
  8 bats
  4 frilled lizards
  A leopard gecko zombie (D:3)
  8 rats
101 creatures vanquished.

Vanquished Creatures (collateral kills)
  A sky beast (D:5)
  A hound (D:5)
  A centaur skeleton (D:5)
  An adder (D:4)
  An orc (D:4)
  A hobgoblin (D:2)
  A quokka (D:6)
  3 bats
  2 goblins (D:2)
  2 rats
14 creatures vanquished.

Vanquished Creatures (others)
  3 ancestors
  A jackal (D:6)
  A withered plant (D:6)
5 creatures vanquished.

Grand Total: 120 creatures vanquished
